General information
			
			
        
        - name: BNet
 
        - type: Ladder 1vs1/FFA
 
        - host: Battle.net
 
        - saver: BEAR_AND
 
        
map: RoadToStratholme 
        - players: 2
 
        - length: 12:07
 
        - speed: Fast
 - version: 1.22 W3XP
 - replay type:  

 
» download(45 KB)
Players
        team 1 (winner) 
              
              
BEAR_AND (
pink | 132 APM | 1595 actions | 12:07)
              
 3 Archmage 
 2 Summon Water Elemental
 1 Brilliance Aura
 3 Mountain King 
 2 Storm Bolt
 1 Thunder Clap
 
                » actions 
                
                | Assign group hotkey | 27 |  | 
| Basic commands | 9 |  | 
| Build / train | 47 |  | 
| Enter build submenu | 17 |  | 
| Enter hero's abilities submenu | 6 |  | 
| Give item / drop item | 3 |  | 
| Remove unit from queue | 2 |  | 
| Right click | 1033 |  | 
| Select / deselect | 202 |  | 
| Select group hotkey | 201 |  | 
| Use ability | 48 |  | 
                1595 total
 » units 
                
                | Peasant | 9 |  | 
| Footman | 7 |  | 
| Spell Breaker | 6 |  | 
                22 total
 » upgrades
                » buildings
                
                | Altar of Kings | 1 |  | 
| Barracks | 1 |  | 
| Farm | 6 |  | 
| Scout Tower | 1 |  | 
| Arcane Tower | 1 |  | 
| Keep | 3 |  | 
| Arcane Vault | 1 |  | 
| Arcane Sanctum | 2 |  | 
| Lumber Mill | 1 |  | 
                17 total
 » build order
                00:09 Altar of Kings
00:21 Barracks
00:34 Farm
00:49 Farm
01:31 Farm
01:45 Scout Tower
02:13 Arcane Tower
02:37 Farm
03:44 Keep
03:45 Keep
04:22 Farm
04:56 Arcane Vault
05:58 Farm
06:18 Arcane Sanctum
06:19 Arcane Sanctum
06:45 Lumber Mill
» items
                
                | Scroll of Regeneration | 4 |  | 
| Lesser Clarity Potion | 2 |  | 
| Potion of Healing | 2 |  | 
                8 total
  
               team 2 (loser) 
              
              
RoMeO. (
purple | 64 APM | 771 actions | 12:06)
              
 3 Pandaren Brewmaster 
 2 Breath of Fire
 1 Drunken Haze
 
                » actions 
                
                | Assign group hotkey | 4 |  | 
| Basic commands | 5 |  | 
| Build / train | 38 |  | 
| ESC pressed | 1 |  | 
| Enter build submenu | 19 |  | 
| Enter hero's abilities submenu | 3 |  | 
| Remove unit from queue | 4 |  | 
| Right click | 468 |  | 
| Select / deselect | 185 |  | 
| Select group hotkey | 7 |  | 
| Use ability | 37 |  | 
                771 total
 » units 
                
                | Peasant | 10 |  | 
| Footman | 3 |  | 
| Rifleman | 7 |  | 
| Forest Troll Shadow Priest | 1 |  | 
| Forest Troll Berserker | 1 |  | 
                22 total
 » buildings
                
                | Altar of Kings | 1 |  | 
| Barracks | 1 |  | 
| Farm | 9 |  | 
| Scout Tower | 1 |  | 
| Blacksmith | 1 |  | 
| Arcane Tower | 1 |  | 
| Lumber Mill | 1 |  | 
| Arcane Vault | 1 |  | 
| Keep | 1 |  | 
| Arcane Sanctum | 3 |  | 
                20 total
 » build order
                00:16 Altar of Kings
00:23 Barracks
00:44 Farm
01:03 Farm
01:46 Farm
02:03 Farm
02:25 Scout Tower
02:59 Blacksmith
04:07 Arcane Tower
04:24 Farm
04:45 Farm
05:07 Farm
05:26 Lumber Mill
06:03 Arcane Vault
06:06 Farm
06:48 Keep
06:59 Farm
09:27 Arcane Sanctum
09:37 Arcane Sanctum
09:41 Arcane Sanctum
» items
                
                | Scroll of Regeneration | 2 |  | 
| Lesser Clarity Potion | 2 |  | 
                4 total
  
                Chat log
          (00:05 / All) RoMeO.: sup
(00:09 / All) RoMeO.: gl.hf
(04:17 / All) RoMeO.: gotta love hero focus..
(04:24 / All) BEAR_AND: :)
(04:28 / All) RoMeO.: :)
(04:41 / All) RoMeO.: ive played you before and lost, but it was a long ass game
(04:44 / All) BEAR_AND: hmm
(04:55 / All) RoMeO.: different aka
(04:57 / All) RoMeO.: red(rum)
(05:04 / All) BEAR_AND: haha i was towering?
(05:13 / All) RoMeO.: not sure
(08:14 / All) RoMeO.: zomg
(10:09 / All) RoMeO.: you beat me to the breakers :(
(10:18 / All) RoMeO.: gg
(10:20 / All) BEAR_AND: gg
(10:21 / All) BEAR_AND: again
(10:58 / All) RoMeO.: i was tempted on reading a strat i just read about
(11:04 / All) BEAR_AND: huh
(11:04 / All) RoMeO.: aoe abuse realy
(11:11 / All) RoMeO.: you should try it
(11:14 / All) BEAR_AND: learn to play before you try to break cookie cut
(11:46 / All) RoMeO.: why are you being a prick?
(11:52 / All) BEAR_AND: in my nature !
(11:59 / All) RoMeO.: right